 Dungeon Crawl Stone Soup version 0.32-a0-572-g3e1049bc92 (webtiles) character file.

Game seed: 2372817455814185333

4170 1b1w the Fighter (level 10, 0/72 HPs)
             Began as an Octopode Delver on Mar 1, 2024.
             Was a Believer of Yredelemnul.
             Slain by a black bear (6 damage)
             ... on level 8 of the Dungeon.
             The game lasted 00:12:01 (5612 turns).

1b1w the Fighter (Octopode Delver)                  Turns: 5612, Time: 00:12:02

Health: 0/72       AC:  1    Str: 12    XL:     10   Next: 28%
Magic:  13/13      EV: 12    Int: 15    God:    Yredelemnul [**....]
Gold:   156        SH:  0    Dex: 18    Spells: 8/13 levels left

rFire   + + .        C - +3 rapier
rCold   . . .        (no shield)
rNeg    . . .        (helmet restricted)
rPois   .            k - amulet of regeneration
rElec   .            q - ring "Siyc Exa" {rF+ Will+ EV+5 Int+3}
rCorr   .            G - ring of protection from fire
SInv    .            (no ring)
Will    +....        (no ring)
Stlth   ++++++       (no ring)
HPRegen 1.12/turn    (no ring)
MPRegen 0.13/turn    (no ring)
                     (no ring)

%: no passive effects
@: lethally poisoned (0 -> 0), wreathed by umbra, constricted
A: almost no armour, amphibious, 8 rings, camouflage 1, gelatinous body 1,
(nimble swimmer 1), tentacles
a: Renounce Religion, Light the Black Torch, Recall Undead Harvest, Hurl
Torchlight


You were on level 8 of the Dungeon.
You worshipped Yredelemnul.
Yredelemnul was noncommittal.
You visited 1 branch of the dungeon, and saw 8 of its levels.

You collected 438 gold pieces.
You spent 282 gold pieces at shops.

Inventory:

Hand Weapons
 a - a +0 short sword
 e - a +0 morningstar
 g - a +0 halberd
 x - a +1 whip of freezing
 z - a +0 spear
 B - a +0 falchion
 C - a +3 rapier (weapon)
 J - a +2 long sword of holy wrath
Missiles
 t - 2 curare-tipped darts (quivered)
Armour
 F - a +0 hat
Jewellery
 k - an amulet of regeneration (around mantle)
 q - the ring "Siyc Exa" (left tentacle) {rF+ Will+ EV+5 Int+3}
   (You acquired it on level 6 of the Dungeon)

   [ring of evasion]

   EV+5:      It affects your evasion (+5).
   Int+3:     It affects your intelligence (+3).
   rF+:       It protects you from fire.
   Will+:     It increases your willpower.
 G - a ring of protection from fire (right tentacle)
 I - an amulet of magic regeneration
Wands
 f - a wand of digging (3) {@v3}
 A - a wand of paralysis (2)
 D - a wand of quicksilver (8)
Scrolls
 b - 2 scrolls of fog
 c - 4 scrolls of amnesia {unknown}
 d - 5 scrolls of fear
 i - a scroll of vulnerability
 n - 4 scrolls of immolation {unknown}
 p - 4 scrolls of teleportation {unknown}
 r - a scroll of torment
 v - a scroll of summoning
 w - a scroll of revelation
 y - 4 scrolls of enchant armour
 E - 3 scrolls of blinking {@r4}
 K - 2 scrolls of enchant weapon
 L - a scroll of noise
Potions
 h - 2 potions of might {unknown}
 j - 3 potions of curing {unknown}
 l - 2 potions of attraction
 m - a potion of cancellation {unknown}
 o - 3 potions of degeneration {unknown}
 s - a potion of brilliance
 u - a potion of heal wounds {unknown}


   Skills:
 - Level 8.0 Fighting
 - Level 2.0(4.6) Short Blades
 * Level 6.6(6.7) Long Blades
 - Level 7.0 Dodging
 - Level 6.6 Stealth
 - Level 2.4 Spellcasting
 - Level 2.8 Summonings
 + Level 3.0 Ice Magic
 - Level 3.8 Invocations
 - Level 5.2 Evocations


You had 8 spell levels left.
You knew the following spells:

 Your Spells              Type           Power      Damage    Failure   Level
a - Summon Small Mammal   Summ           40%        N/A       7%          1
b - Apportation           Tloc           2%         N/A       22%         1
c - Ozocubu's Armour      Ice            10%        N/A       19%         3

Your spell library contained the following spells:

 Spells                   Type           Power      Damage    Failure   Level
 Freeze                   Ice            40%        1d6       6%          1
 Frozen Ramparts          Ice            20%        1d4       19%         3
 Necrotise                Necr           4%         1d4       22%         1
 Shock                    Conj/Air       4%         1d3       22%         1
 Slow                     Hex            4%         N/A       22%         1
 Sting                    Conj/Alch      4%         1d3       22%         1
 Hailstorm                Conj/Ice       6%         3d5       34%         3
 Confusing Touch          Hex            1%         N/A       54%         3
 Sigil of Binding         Hex            1%         N/A       54%         3
 Swiftness                Air            1%         N/A       54%         3
 Vampiric Draining        Necr           1%         2d6       54%         3
 Airstrike                Air            0%         2d(1-17)  91%         4
 Brom's Barrelling Bould  Conj/Erth      1%         2d3       91%         4
 Metabolic Englaciation   Hex/Ice        3%         N/A       97%         5
 Fireball                 Conj/Fire      0%         3d3       99%         5
 Iskenderun's Battlesphe  Conj           1%         2d6       99%         5
 Conjure Ball Lightning   Conj/Air       0%         3x3d6     100%        6
 Sculpt Simulacrum        Ice/Alch       3%         N/A       100%        6
 Orb of Destruction       Conj           0%         9d5       100%        7


Dungeon Overview and Level Annotations

Branches:
Dungeon (8/15) Zot: 26654  Temple (0/1) D:6            Lair (0/5) D:8

Altars:
Kikubaaqudgha
Wu Jian
Yredelemnul

Shops:
D:6 (   D:8 ?[

Annotations:
D:8 1 runed translucent door, paps's ghost, novice TrBe


Innate Abilities, Weirdness & Mutations

You cannot wear most types of armour.
You are amphibious.
You can wear up to eight rings at the same time.
Your skin changes colour to match your surroundings (Stealth+).
Your rubbery body absorbs attacks. (AC +1, EV +1)
((You are camouflaged when in or above water. (Stealth+)))
You have tentacles for arms and can constrict up to eight enemies at once.


Message History

Something hits your black bear zombie!! Something burns your black bear zombie.
Your endoplasm zombie hits the fungus.
The fungus begins to die.
The water moccasin closely misses you.
Your black bear zombie bites the black bear.
Your black bear zombie claws the black bear. x2
Your orc zombie misses the water moccasin.
You miss the water moccasin. You grab the water moccasin.
You squeeze the water moccasin. You constrict the water moccasin.
You feel very sick.
The black bear bites your black bear zombie!
Your black bear zombie is destroyed!
The water moccasin barely misses you.
Your endoplasm zombie hits the plant.
You puncture the water moccasin! You constrict the water moccasin!
You kill the water moccasin!
Their soul becomes fuel for the torch.
You feel sick.
The dead are slithering!
A nearby plant withers and dies. x2
Something hits you!
* * * LOW HITPOINT WARNING * * *
Something closely misses you.
The black bear bites the plant!
The plant begins to die.
The black bear claws the plant. x2
Your orc zombie hits the fungus.
Your Ice Magic skill increases to level 3!
You are too injured to fight recklessly!
You hit the black bear but do no damage.
You grab the black bear. You squeeze the black bear!
You constrict the black bear!
You feel sick. Something hits you!!
* * * LOW HITPOINT WARNING * * *
Something burns you.
* * * LOW HITPOINT WARNING * * *
Something grabs you.
You are constricted.
* * * LOW HITPOINT WARNING * * *
The orc barely misses your water moccasin zombie.
The black bear bites the plant.
The black bear claws the plant. x2
Your endoplasm zombie hits the black bear but does no damage.
Your orc zombie hits the fungus.
Your water moccasin zombie bites the black bear!
Erica's grasp on you weakens, but your attempt to escape fails.
You constrict the black bear.
You feel sick. The black bear bites you.
You die...
Your body rises from the dead as a mindless zombie.

...############..P..PPP
........#....#P....PPP..
........#....#....P.PP.P
........#[.....P.PPPP.PP
........#.....P......P.P
........#.........P.PPP>
........#####..P.......P
...............Zh.P.P...
.#####+#.......P@PhP....
.'.....#........ZZPP.P.P
.#.....#.........ZoPP...
.#######......#...P.P..P
...Z..........#..#......
...Z........>.#.......P.
.)............#......+..
............ ########>.
).########


You could see 2 black bears, an orc, a friendly water moccasin zombie, 2
friendly endoplasm zombies and a friendly orc zombie.

Vanquished Creatures
  Grinder (D:6)
  A slime creature (D:8)
  A wyvern (D:7)
  Eustachio (D:6)
  A steam dragon (D:6)
  3 water moccasins
  2 ice beasts (D:6)
  2 black bears (D:8)
  A centaur (D:6)
  A phantom (D:6)
  2 bullfrogs
  4 scorpions
  Dowan (D:6)
  2 electric eels (D:7)
  2 howler monkeys (D:7)
  A bombardier beetle (D:4)
  6 hounds
  8 jellies
  2 gnoll boudas
  3 orc priests
  Jessica (D:3)
  An iguana (D:4)
  2 sleepcaps
  2 orc wizards
  9 adders
  3 gnolls
  A shadow imp (D:6)
  A white imp (D:7)
  2 ufetubi (D:6)
  4 dart slugs
  A ribbon worm (D:3)
  12 orcs
  14 endoplasms
  4 giant cockroaches
  9 hobgoblins
  4 jackals
  5 kobolds
  2 quokkas
  7 ball pythons
  5 bats
  A frilled lizard (D:1)
  6 goblins
  7 rats
148 creatures vanquished.

Vanquished Creatures (collateral kills)
  Pikel (D:5)
  A wyvern (D:8)
  Duvessa (D:6)
  A sky beast (D:6)
  A black bear (D:8)
  A jelly (D:8)
  An orc wizard (D:8)
  5 gnolls
  An adder (D:6)
  A dart slug (D:5)
  3 orcs (D:8)
  4 endoplasms
  A goblin (D:2)
  3 jackals (D:1)
  A bat (D:2)
  3 frilled lizards
29 creatures vanquished.

Vanquished Creatures (others)
  A wyvern zombie (D:8)
  A centaur zombie (D:6)
  A black bear zombie (D:8)
  An ice beast zombie (D:6)
  2 hound zombies (D:5)
  A jelly zombie (D:8)
  A bat zombie (D:2)
  6 gnoll zombies
  A dart slug zombie (D:5)
  3 endoplasm zombies (D:8)
  A hobgoblin zombie (D:2)
  4 orc zombies (D:8)
  A rat zombie (D:3)
24 creatures vanquished.

Grand Total: 201 creatures vanquished

Notes
Turn   | Place    | Note
-------+----------+-------------------------------------------
     0 | D:5      | 1b1w the Octopode Delver began the quest for the Orb.
     0 | D:5      | Reached XP level 1. HP: 16/16 MP: 1/1
    49 | D:5      | Found an ornate altar of the Wu Jian Council.
    80 | D:5      | Noticed a sleepcap
   115 | D:5      | Found an ancient bone altar of Kikubaaqudgha.
   364 | D:3      | Reached XP level 2. HP: 21/21 MP: 2/2
   408 | D:3      | Reached XP level 3. HP: 27/27 MP: 3/3
   447 | D:3      | Reached skill level 4 in Fighting
   450 | D:3      | Reached XP level 4. HP: 34/34 MP: 4/4
   595 | D:4      | Reached XP level 5. HP: 38/38 MP: 5/5
   631 | D:4      | Reached skill level 5 in Fighting
   722 | D:4      | Learned a level 1 spell: Summon Small Mammal
   878 | D:4      | Reached skill level 1 in Spellcasting
   878 | D:4      | Reached skill level 1 in Summonings
   878 | D:4      | Reached XP level 6. HP: 45/45 MP: 5/7
  1149 | D:6      | Noticed an ice beast
  1151 | D:6      | Found a basalt altar of Yredelemnul.
  1155 | D:6      | Became a worshipper of Yredelemnul the Fallen
  1162 | D:6      | Noticed Eustachio
  1168 | D:6      | Learned a level 1 spell: Apportation
  1240 | D:5      | Noticed Pikel
  1885 | D:3      | Noticed Jessica
  1890 | D:3      | Killed Jessica
  2331 | D:2      | Reached * piety under Yredelemnul
  2777 | D:1      | Reached XP level 7. HP: 47/51 MP: 9/9
  2860 | D:1      | Reached ** piety under Yredelemnul
  3241 | D:5      | Reached skill level 6 in Fighting
  3401 | D:5      | Killed Pikel
  3402 | D:5      | Reached XP level 8. HP: 58/58 MP: 1/11
  3648 | D:6      | Reached skill level 7 in Fighting
  3814 | D:6      | Reached skill level 5 in Dodging
  3832 | D:6      | Reached skill level 1 in Evocations
  3885 | D:6      | Noticed Grinder
  3908 | D:6      | Killed Grinder
  3911 | D:6      | Found a staircase to the Ecumenical Temple.
  3987 | D:6      | Reached XP level 9. HP: 64/64 MP: 12/12
  4036 | D:6      | Noticed Duvessa
  4038 | D:6      | Noticed Dowan
  4048 | D:6      | Killed Duvessa
  4051 | D:6      | Killed Dowan
  4089 | D:6      | Killed Eustachio
  4090 | D:6      | Reached skill level 8 in Fighting
  4090 | D:6      | Reached skill level 5 in Evocations
  4231 | D:6      | Found Quuxkil's Weapon Shoppe.
  4315 | D:6      | Reached skill level 1 in Long Blades
  4561 | D:6      | Identified a scroll of acquirement
  4562 | D:6      | Acquired the ring "Siyc Exa" {rF+ Will+ EV+5 Int+3}
  5266 | D:7      | Learned a level 3 spell: Ozocubu's Armour
  5283 | D:8      | Found a runed translucent door.
  5283 | D:8      | Noticed paps's ghost (novice TrBe)
  5290 | D:8      | Found Jiatosm's Antique Armour Emporium.
  5387 | D:8      | Reached skill level 5 in Long Blades
  5387 | D:8      | Reached skill level 1 in Ice Magic
  5387 | D:8      | Reached XP level 10. HP: 72/72 MP: 13/13
  5443 | D:8      | Found Viothifo's Magic Scroll Emporium.
  5448 | D:8      | Bought a scroll of noise for 12 gold pieces
  5448 | D:8      | Bought a scroll of enchant weapon for 90 gold pieces
  5448 | D:8      | Bought a scroll of blinking for 90 gold pieces
  5448 | D:8      | Bought a scroll of blinking for 90 gold pieces
  5606 | D:8      | Found a staircase to the Lair.
  5612 | D:8      | Slain by a black bear

Illustrated notes

Levels and vault maps discovered:
D:1:      mainiacjoe_arrival_reflecting_pool, layout_rooms
D:2:      layout_rooms
D:3:      layout_loops_ring, serial_aquarium, aquarium_bridge_long_joined
          [aquarium_subvault_bridge, aquarium_subvault_balcony,
          aquarium_subvault_wall, aquarium_subvault_wall,
          aquarium_subvault_bridge, aquarium_subvault_bridge],
          aquarium_bridge_straight [aquarium_subvault_bridge,
          aquarium_subvault_wall, aquarium_subvault_bridge,
          aquarium_subvault_window], aquarium_window_fake, aquarium_window_1,
          aquarium_window_fake, aquarium_window_1, aquarium_view_2a,
          aquarium_balcony_3b, aquarium_pool_side, uniq_jessica
D:4:      layout_basic
D:5:      layout_gridville, amcnicky_altar_gilded,
          mainiacjoe_overflow_surrounded_room, uniq_pikel
D:6:      kennysheep_six_static_rooms, layout_gridville, kennysheep_mini_moat,
          minmay_temple_entry_proselytizer, serial_shops, shop, uniq_duvessa,
          uniq_eustachio, uniq_grinder
D:7:      layout_cave_pools, chequers_big_river
D:8:      lemuel_slime, layout_gridville,
          mainiacjoe_overflow_concentric_impassable,
          mainiacjoe_overflow_brackets, due_lair_maze_entry_diamond,
          serial_shops, nicolae_shop_tiny_statue_garden, shop, kennysheep_mini,
          hellmonk_ghost_happy_afterlife, uniq_erica

Skill      XL: |  1  2  3  4  5  6  7  8  9 10 |
---------------+-------------------------------+-----
Fighting       | 4 5 6 7 8 |  8.0
Dodging        | 3 4 5 7 |  7.0
Spellcasting   | 1 2 |  2.4
Summonings     | 1 2 |  2.8
Invocations    | 3 |  3.8
Evocations     | 3 5 |  5.2
Long Blades    | 5 6 |  6.6
Ice Magic      | 1 3 |  3.0
Short Blades   | |  2.0
Stealth        | |  6.6

Action                     |  1- 3 |  4- 6 |  7- 9 | 10-12 || total
---------------------------+-------+-------+-------+-------++-------
  Melee: Short sword       |    19 |   101 |   117 |       ||   237
         Constrict         |     2 |    25 |    36 |     5 ||    68
         Tentacles         |     2 |    30 |    48 |    16 ||    96
         Rapier            |       |       |    54 |    45 ||    99
  Throw: Dart              |       |       |     1 |       ||     1
 Invoke: Light the Black T |       |     5 |     3 |       ||     8
         Hurl Torchlight   |       |       |     2 |     2 ||     4
         Recall Undead Har |       |       |     1 |       ||     1
  Evoke: Wand              |       |     2 |     2 |       ||     4
    Use: Scroll            |     1 |       |     7 |     2 ||    10
         Potion            |       |       |     1 |       ||     1
   Stab: Sleeping          |    11 |    23 |    14 |       ||    48
         Distracted        |       |       |     5 |     1 ||     6
         Paralysed         |       |       |     2 |       ||     2
 Armour: Skin              |     2 |    23 |    74 |    14 ||   113
  Dodge: Dodged            |     2 |    43 |   163 |    37 ||   245

Table legend: (Time is in decaauts)
 A = Elapsed time spent in this place.
 B = Non-inter-level travel time spent in this place.
 C = Inter-level travel time spent in this place.
 D = Time resting spent in this place.
 E = Time spent auto-exploring this place.
 F = Levels seen in this place.
 G = Mean time per level.
                   A        B        C        D        E       F      G
               +--------+--------+--------+--------+--------+-----+--------+
         Total |   5575 |   5215 |    360 |    276 |   3511 |   8 |  696.9 |
       Dungeon |   5575 |   5215 |    360 |    276 |   3511 |   8 |  696.9 |
               +--------+--------+--------+--------+--------+-----+--------+

Top non-repeatable levels by time:
     D:6: 942 daAuts
     D:3: 924 daAuts
     D:4: 915 daAuts
     D:5: 886 daAuts
     D:7: 701 daAuts
     D:1: 449 daAuts
     D:2: 412 daAuts
     D:8: 344 daAuts
